 Dungeon Crawl Stone Soup version 0.24.0-37-gcf1ca852f1 (webtiles) character file.

Game seed: 1191869591632589919, levelgen mode: deterministic

3604 FishyPogo the Magician (level 10, -4/109 HPs)
             Began as a Gnoll Venom Mage on Nov 29, 2019.
             Was an Elder of Okawaru.
             Slain by a wolf (10 damage)
             ... led by Grum
             ... on level 8 of the Dungeon.
             The game lasted 00:36:06 (7103 turns).

FishyPogo the Magician (Gnoll Venom Mage)           Turns: 7103, Time: 00:36:07

Health: -4/109     AC: 12    Str: 16    XL:     10   Next: 10%
Magic:  0/20       EV: 15    Int: 20    God:    Okawaru [****..]
Gold:   366        SH:  0    Dex: 16    Spells: 5/23 levels left

rFire    . . .     SeeInvis .   e - +0 dagger
rCold    + . .     Gourm    .   (no shield)
rNeg     + . .     Faith    .   s - +2 ring mail {rC+}
rPois    .         Spirit   .   (no helmet)
rElec    .         Reflect  .   (no cloak)
rCorr    .         Harm     .   (no gloves)
MR       .....                  (no boots)
Stlth    ..........             (no amulet)
HPRegen  0.28/turn              h - ring of positive energy
MPRegen  0.17/turn              x - +4 ring of protection

@: berserking, hasted, very quick
A: distributed training, fangs 1, strong nose
a: Heroism, Renounce Religion


You were on level 8 of the Dungeon.
You worshipped Okawaru.
Okawaru was greatly pleased with you.
You were not hungry.

You visited 1 branch of the dungeon, and saw 8 of its levels.

You collected 366 gold pieces.

Inventory:

Hand Weapons
 e - a +0 dagger (weapon)
Missiles
 g - 4 javelins
 i - 16 poisoned darts (quivered)
 q - 2 throwing nets
 u - 6 boomerangs of dispersal
 z - 7 curare-tipped darts
Armour
 s - a +2 ring mail of cold resistance (worn)
Jewellery
 b - an uncursed ring of ice
 h - a ring of positive energy (left hand)
 x - a +4 ring of protection (right hand)
Wands
 y - a wand of flame (12)
Scrolls
 k - a scroll of teleportation
 m - a scroll of fear {unknown}
 p - 4 scrolls of identify
 t - a scroll of remove curse
 w - 2 scrolls of blinking
Potions
 a - a potion of invisibility
 d - a potion of heal wounds {unknown}
 f - a potion of haste
 j - 2 potions of berserk rage
 l - 2 potions of curing {unknown}
 n - 3 potions of flight {unknown}
 o - a potion of mutation {unknown}
 v - 3 potions of brilliance {unknown}
 A - 2 potions of lignification {unknown}
Comestibles
 c - 10 rations
 r - 10 chunks of flesh


   Skills:
 + Level 4.8 Fighting
 + Level 4.8 Short Blades
 + Level 4.8 Long Blades
 + Level 4.8 Axes
 + Level 4.8 Maces & Flails
 + Level 4.8 Polearms
 + Level 4.8 Staves
 + Level 4.8 Slings
 + Level 4.8 Bows
 + Level 4.8 Crossbows
 + Level 4.8 Throwing
 + Level 4.8 Armour
 + Level 6.7 Dodging
 + Level 6.5 Stealth
 + Level 4.8 Shields
 + Level 4.8 Unarmed Combat
 + Level 7.0 Spellcasting
 + Level 4.6 Conjurations
 + Level 4.0 Hexes
 + Level 4.0 Charms
 + Level 4.0 Summonings
 + Level 4.0 Necromancy
 + Level 4.0 Translocations
 + Level 4.0 Transmutations
 + Level 4.0 Fire Magic
 + Level 4.0 Ice Magic
 + Level 4.0 Air Magic
 + Level 4.0 Earth Magic
 + Level 6.8 Poison Magic
 + Level 5.3 Invocations
 + Level 4.8 Evocations


You had 5 spell levels left.
You knew the following spells:

 Your Spells              Type           Power        Failure   Level  Hunger
a - Sting                 Conj/Pois      ####         1%          1    None
b - Poisonous Vapours     Pois/Air       ####..       2%          2    None
c - Mephitic Cloud        Conj/Pois/Air  ####....     6%          3    #......
d - Venom Bolt            Conj/Pois      ####......   41%         5    #####..
e - Searing Ray           Conj           ####..       3%          2    None
u - Olgreb's Toxic Radia  Pois           ####....     10%         4    ###....
y - Summon Small Mammal   Summ           ###.         3%          1    None

Your spell library contained the following spells:

 Spells                   Type           Power        Failure   Level  Hunger
 Magic Dart               Conj           ####         2%          1    None
 Animate Skeleton         Necr           N/A          3%          1    None
 Apportation              Tloc           ###...       3%          1    None
 Confusing Touch          Hex            ###...       3%          1    None
 Dazzling Spray           Conj/Hex       ###...       9%          3    #......
 Iskenderun's Mystic Bla  Conj           ####....     26%         4    ###....
 Force Lance              Conj/Tloc      ###.....     28%         4    ###....
 Fulminant Prism          Conj/Hex       ###.......   28%         4    ###....


Dungeon Overview and Level Annotations

Branches:
Dungeon (8/15)             Temple (0/1) D:6
   Lair: D:8-11

Altars:
Cheibriados
Dithmenos
Elyvilon
Gozag
Kikubaaqudgha
Makhleb
Nemelex Xobeh
Okawaru
Ru
Trog

Shops:
D:2 *


Innate Abilities, Weirdness & Mutations

Your experience applies equally to all skills.
You have very sharp teeth.
Your uncanny sense of smell can sniff out nearby items.


Message History

Casting: Sting (safe; 1% risk of failure)
Confirm with . or Enter, or press ? or * to list all spells.
Aiming: Sting (safe; 1% risk of failure)
Press: ? - help, Shift-Dir - straight line, f/p - wolf
Aim: a wolf (lightly wounded)
The sting hits the wolf.
The wolf is poisoned.
The wolf is moderately wounded.
The wolf bites you!
* * * LOW HITPOINT WARNING * * *
The wolf bites you but does no damage.
Casting: Sting (safe; 1% risk of failure)
Confirm with . or Enter, or press ? or * to list all spells.
You don't have enough magic to cast that spell.
It was a potion of haste.
You feel yourself speed up. The wolf bites you but does no damage.
The wolf bites you!
* * * LOW HITPOINT WARNING * * *
It was a potion of berserk rage.
A red film seems to cover your vision as you go berserk!
You feel yourself moving faster!
You feel mighty! The wolf bites you!
You die...

##########.##.........##...#
.....................###...#
######..##.#..........##...#
## ##.##.#..>............#
.# #...#.#...........#...#
.# ....#.#..........##...#
.# #....#............##...#
.###..####..#..h.....###...#
.##<.#.....# #.)@....# #####
.#.....# # ##.###...##
...#.### #.##..# ##...#
.....# #....######..# ....##
#..#...##....##
.....####.........)..#
................)....#
.........h............#
......................#


You could see a wolf.

Vanquished Creatures
  A moth of wrath (D:2)
  A hippogriff (D:7)
  Grum (D:8)
  Duvessa (D:7)
  5 orc warriors
  2 sky beasts
  An ice beast (D:7)
  3 ogres
  A centaur (D:6)
  A bullfrog (D:7)
  Dowan (D:7)
  2 scorpions
  2 howler monkeys (D:4)
  6 crimson imps
  5 hounds
  2 bullfrog zombies (D:7)
  A jelly (D:7)
  5 orc priests
  2 bullfrog skeletons
  6 orc wizards
  3 iguanas
  Ijyb (D:5)
  6 worker ants
  2 hound zombies
  A hound skeleton (D:5)
  A howler monkey zombie (D:7)
  2 worker ant zombies
  3 gnolls (D:4)
  11 adders
  A shadow imp (D:7)
  An ooze (D:4)
  An adder skeleton (D:7)
  6 worms
  A dart slug (D:1)
  6 leopard geckos
  27 orcs
  7 giant cockroaches
  8 hobgoblins
  5 jackals (D:3)
  4 quokkas
  6 ball pythons
  11 bats
  9 frilled lizards
  13 goblins
  8 kobolds
  9 rats
202 creatures vanquished.

Vanquished Creatures (collateral kills)
  A necrophage (D:5)
  A bullfrog (D:8)
  A crimson imp (D:6)
  An orc (D:8)
4 creatures vanquished.

Grand Total: 206 creatures vanquished

Notes
Turn   | Place    | Note
-------+----------+-------------------------------------------
     0 | D:1      | FishyPogo the Gnoll Venom Mage began the quest for the Orb.
     0 | D:1      | Reached XP level 1. HP: 13/13 MP: 6/6
    55 | D:1      | Reached XP level 2. HP: 19/19 MP: 1/7
    59 | D:1      | Learned a level 2 spell: Poisonous Vapours
   397 | D:1      | Reached XP level 3. HP: 22/25 MP: 1/9
   530 | D:1      | Reached skill level 5 in Spellcasting
   914 | D:2      | Reached skill level 1 in Invocations
  1004 | D:2      | Found an opulent altar of Gozag.
  1045 | D:2      | Found Gozag's Platinum Reserve.
  1052 | D:2      | Found an iron altar of Okawaru.
  1075 | D:2      | Became a worshipper of Warmaster Okawaru
  1142 | D:2      | Reached skill level 1 in Fighting
  1142 | D:2      | Reached skill level 1 in Short Blades
  1142 | D:2      | Reached skill level 1 in Long Blades
  1142 | D:2      | Reached skill level 1 in Axes
  1142 | D:2      | Reached skill level 1 in Maces & Flails
  1142 | D:2      | Reached skill level 1 in Polearms
  1142 | D:2      | Reached skill level 1 in Staves
  1142 | D:2      | Reached skill level 1 in Slings
  1142 | D:2      | Reached skill level 1 in Bows
  1142 | D:2      | Reached skill level 1 in Crossbows
  1142 | D:2      | Reached skill level 1 in Throwing
  1142 | D:2      | Reached skill level 1 in Armour
  1142 | D:2      | Reached skill level 1 in Shields
  1142 | D:2      | Reached skill level 1 in Unarmed Combat
  1142 | D:2      | Reached skill level 1 in Evocations
  1149 | D:2      | Reached XP level 4. HP: 18/32 MP: 1/11
  1380 | D:2      | Learned a level 3 spell: Mephitic Cloud
  1385 | D:2      | Learned a level 4 spell: Olgreb's Toxic Radiance
  1390 | D:2      | Reached skill level 1 in Hexes
  1390 | D:2      | Reached skill level 1 in Charms
  1390 | D:2      | Reached skill level 1 in Summonings
  1390 | D:2      | Reached skill level 1 in Necromancy
  1390 | D:2      | Reached skill level 1 in Translocations
  1390 | D:2      | Reached skill level 1 in Transmutations
  1390 | D:2      | Reached skill level 1 in Fire Magic
  1390 | D:2      | Reached skill level 1 in Ice Magic
  1390 | D:2      | Reached skill level 1 in Air Magic
  1390 | D:2      | Reached skill level 1 in Earth Magic
  1516 | D:2      | Noticed a moth of wrath
  1519 | D:2      | Found a bloodstained altar of Trog.
  1725 | D:2      | Killed a moth of wrath
  1725 | D:2      | Reached * piety under Okawaru
  1725 | D:2      | Reached ** piety under Okawaru
  1725 | D:2      | Reached skill level 5 in Dodging
  1725 | D:2      | Reached XP level 5. HP: 38/38 MP: 0/13
  1725 | D:2      | Reached XP level 6. HP: 44/44 MP: 0/14
  1725 | D:2      | Reached XP level 7. HP: 50/50 MP: 0/15
  1873 | D:3      | Learned a level 5 spell: Venom Bolt
  1949 | D:3      | Found an ancient bone altar of Kikubaaqudgha.
  2093 | D:3      | Found a sacrificial altar of Ru.
  2738 | D:4      | Reached skill level 5 in Stealth
  2890 | D:4      | Reached XP level 8. HP: 12/57 MP: 3/16
  3392 | D:5      | Entered Level 5 of the Dungeon
  3474 | D:5      | Learned a level 1 spell: Summon Small Mammal
  3595 | D:5      | Reached *** piety under Okawaru
  3648 | D:5      | Found a snail-covered altar of Cheibriados.
  3654 | D:5      | Noticed Ijyb
  3672 | D:5      | Killed Ijyb
  3937 | D:5      | Reached skill level 6 in Spellcasting
  4160 | D:6      | Found a staircase to the Ecumenical Temple.
  4172 | D:6      | Found a white marble altar of Elyvilon.
  4872 | D:6      | Found a sparkling altar of Nemelex Xobeh.
  5286 | D:7      | Noticed Duvessa
  5289 | D:7      | Noticed Dowan
  5310 | D:7      | Reached **** piety under Okawaru
  5310 | D:7      | Reached XP level 9. HP: 57/65 MP: 5/18
  5312 | D:7      | Killed Dowan
  5322 | D:7      | Killed Duvessa
  5404 | D:7      | Found a shadowy altar of Dithmenos.
  5587 | D:7      | Learned a level 2 spell: Searing Ray
  5666 | D:7      | Found a burning altar of Makhleb.
  6485 | D:7      | Received a gift from Okawaru
  6498 | D:7      | Reached skill level 5 in Invocations
  6833 | D:8      | Received a gift from Okawaru
  6833 | D:8      | Reached XP level 10. HP: 73/73 MP: 2/20
  6876 | D:8      | Reached skill level 7 in Spellcasting
  7063 | D:8      | Noticed Grum
  7085 | D:8      | Killed Grum
  7103 | D:8      | Slain by a wolf

Levels and vault maps discovered:
D:1:      dpeg_arrival_triangle_fractal, layout_loops_ring,
          hangedman_decor_slide_cut
D:2:      minmay_evil_eye, layout_rooms, nicolae_gozag_zags_fifth_avenue,
          tgw_trog, okawaru_metal_pillars_1_2
D:3:      layout_loops_ring, kiku_gazebo_garden_becter,
          nicolae_ru_great_annihilating_truth, first_ration, minmay_unequal
D:4:      layout_loops_ring, minmay_fountain_box
D:5:      layout_gridville, lemuel_doored_altar, uniq_ijyb
D:6:      layout_basic, nicolae_overflow_crystal_walls, elyvilon_altar_5,
          temple_green, cheibrodos_sewer_entry_drain
D:7:      minmay_skewed_foursquare, layout_basic, kennysheep_mini_moat,
          makhleb_heckhound_becter, uniq_duvessa
D:8:      layout_rooms, amethyst_overflow_temple_binary, uniq_grum

Skill      XL: |  1  2  3  4  5  6  7  8  9 10 |
---------------+-------------------------------+-----
Conjurations   | 2 3 4 |  4.6
Spellcasting   | 5 6 7 |  7.0
Invocations    | 1 2 3 4 5 |  5.3
Fighting       | 1 2 3 4 |  4.8
Short Blades   | 1 2 3 4 |  4.8
Long Blades    | 1 2 3 4 |  4.8
Axes           | 1 2 3 4 |  4.8
Maces & Flails | 1 2 3 4 |  4.8
Polearms       | 1 2 3 4 |  4.8
Staves         | 1 2 3 4 |  4.8
Slings         | 1 2 3 4 |  4.8
Bows           | 1 2 3 4 |  4.8
Crossbows      | 1 2 3 4 |  4.8
Throwing       | 1 2 3 4 |  4.8
Armour         | 1 2 3 4 |  4.8
Shields        | 1 2 3 4 |  4.8
Unarmed Combat | 1 2 3 4 |  4.8
Evocations     | 1 2 3 4 |  4.8
Hexes          | 1 2 3 4 |  4.0
Charms         | 1 2 3 4 |  4.0
Summonings     | 1 2 3 4 |  4.0
Necromancy     | 1 2 3 4 |  4.0
Translocations | 1 2 3 4 |  4.0
Transmutations | 1 2 3 4 |  4.0
Fire Magic     | 1 2 3 4 |  4.0
Ice Magic      | 1 2 3 4 |  4.0
Air Magic      | 1 2 3 4 |  4.0
Earth Magic    | 1 2 3 4 |  4.0
Dodging        | 5 6 |  6.7
Stealth        | 5 6 |  6.5
Poison Magic   | 6 |  6.8

Action                   |  1- 3 |  4- 6 |  7- 9 | 10-12 || total
-------------------------+-------+-------+-------+-------++-------
Melee: Dagger            |    24 |    35 |   511 |    41 ||   611
       Unarmed           |     4 |       |       |       ||     4
       Bite              |     2 |     4 |    77 |     3 ||    86
       Punch             |       |       |     8 |     1 ||     9
Throw: Javelin           |       |       |     4 |       ||     4
       Dart              |       |       |     1 |     3 ||     4
       Stone             |       |       |     1 |       ||     1
 Cast: Sting             |    47 |    29 |   171 |    19 ||   266
       Poisonous Vapours |    11 |     5 |    28 |     4 ||    48
       Olgreb's Toxic Ra |       |     6 |     2 |       ||     8
       Mephitic Cloud    |       |       |    23 |     3 ||    26
       Summon Small Mamm |       |       |    42 |       ||    42
       Searing Ray       |       |       |     6 |     2 ||     8
Invok: Heroism           |       |       |     1 |       ||     1
Evoke: Wand              |       |       |     1 |       ||     1
  Use: Scroll            |       |       |     6 |       ||     6
       Potion            |       |       |     2 |     2 ||     4
 Stab: Sleeping          |     2 |       |    11 |       ||    13
       Confused          |       |       |    12 |     1 ||    13
       Invisible         |       |       |     5 |       ||     5
       Distracted        |       |       |     1 |       ||     1
  Eat: Chunk             |     1 |     2 |    18 |     1 ||    22
Armor: Robe              |     9 |     1 |    40 |       ||    50
       Ring mail         |       |       |   138 |    14 ||   152
Dodge: Dodged            |    36 |    40 |   397 |    35 ||   508
